 Dungeon Crawl Stone Soup version 0.28.0 (webtiles) character file.

Game seed: 6314582236659623884

149 Descartes the Chopper (level 5, 0/41 HPs)
             Began as a Formicid Wanderer on Feb 12, 2022.
             Succumbed to Robin's poison
             ... on level 3 of the Dungeon.
             The game lasted 00:05:50 (2578 turns).

Descartes the Chopper (Formicid Wanderer)           Turns: 2578, Time: 00:05:50

Health: 0/41       AC:  6    Str: 18    XL:     5   Next: 56%
Magic:  7/7        EV: 12    Int:  9    God:
Gold:   129        SH:  0    Dex: 13    Spells: 7/7 levels left

rFire   . . .      SeeInvis +   a - +2 hand axe
rCold   . . .      Faith    .   (no shield)
rNeg    . . .      Spirit   .   d - +0 leather armour
rPois   .          Reflect  .   (helmet unavailable)
rElec   .          Harm     .   (no cloak)
rCorr   .          Rampage  .   l - +2 pair of gloves
Will    .....                   (no boots)
Stlth   +.........              n - amulet of the acrobat
HPRegen 0.13/turn               (no ring)
MPRegen 0.10/turn               (no ring)

@: lethally poisoned (0 -> -32)
A: permanent stasis, dig shafts and tunnels, antennae 3, four strong arms
a: Dig, Shaft Self


You were on level 3 of the Dungeon.
You visited 1 branch of the dungeon, and saw 6 of its levels.

You collected 129 gold pieces.

Inventory:

Hand Weapons
 a - a +2 hand axe (weapon)
 b - a +0 mace
Missiles
 c - 26 bolts
 e - 129 stones
 p - 6 poisoned darts
Armour
 d - a +0 leather armour (worn)
 l - a +2 pair of gloves (worn)
Jewellery
 n - an amulet of the acrobat (around neck)
Wands
 s - a wand of paralysis (4)
Scrolls
 f - a scroll of amnesia {unknown}
 g - 2 scrolls of blinking {unknown}
 i - 2 scrolls of holy word {unknown}
 m - a scroll of silence {unknown}
 o - a scroll of enchant weapon {unknown}
Potions
 h - 2 potions of heal wounds
 j - a potion of might {unknown}
 k - a potion of mutation {unknown}
 q - a potion of degeneration {unknown}
 r - a potion of brilliance {unknown}


   Skills:
 + Level 3.2 Fighting
 + Level 4.6(4.8) Axes
 + Level 2.2(3.7) Maces & Flails
 - Level 1.0 Throwing
 + Level 2.0 Dodging
 - Level 1.2 Stealth
 + Level 1.9 Spellcasting


You had 7 spell levels left.
You didn't know any spells.
Your spell library contained the following spells:

 Spells                   Type           Power      Damage    Failure   Level
 Call Canine Familiar     Summ           0%         N/A       77%         3
 Portal Projectile        Hex/Tloc       0%         N/A       77%         3
 Leda's Liquefaction      Hex/Erth       0%         N/A       99%         4


Dungeon Overview and Level Annotations

Branches:
Dungeon (6/15)
 Temple: D:4-7

Altars:
Hepliaklqana


Innate Abilities, Weirdness & Mutations

You cannot be hasted, slowed, berserked, paralysed or teleported.
You can dig through walls and to a lower floor.
You have a pair of large antennae on your head. (SInv)
Your four strong arms can wield two-handed weapons with a shield.


Message History

You feel sick.
You closely miss the hobgoblin. You hit Robin.
You feel sick.
You are no longer poisoned.
Robin hits you with a +4 spear of venom.
You are poisoned.
The hobgoblin hits you but does no damage.
You closely miss the hobgoblin. You barely miss Robin.
You feel very sick.
Robin hits you with a +4 spear of venom.
* * * LOW HITPOINT WARNING * * *
You are more poisoned.
The hobgoblin hits you but does no damage.
Unknown command.
You hit Robin.
Robin is almost dead.
You closely miss the hobgoblin.
* * * LOW HITPOINT WARNING * * *
You feel very sick.
Robin hits you with a +4 spear of venom.
* * * LOW HITPOINT WARNING * * *
You are more poisoned.
The hobgoblin hits you.
* * * LOW HITPOINT WARNING * * *
Robin misses you.
It was a potion of heal wounds.
You feel much better.
You feel very sick. The hobgoblin barely misses you.
Robin hits you with a +4 spear of venom.
You are more poisoned.
You closely miss Robin.
Robin is almost dead.
You closely miss the hobgoblin.
* * * LOW HITPOINT WARNING * * *
You feel extremely sick. The hobgoblin barely misses you.
Robin hits you but does no damage.
You are more poisoned.
You slash Robin!
You kill Robin!
You hit the hobgoblin.
You die...

....{ #......####.#.......
....{{###......#....#.######
...g{...'......#.####†......
####'####......#.##..)######
#....'......#...).....#
######.g....###.##.##.###
#.g{...# #.##.##....
##g#######.##.......
#)@)......#########
###########


You could see a hobgoblin (strong) and 2 goblins.

Vanquished Creatures
  An iguana (D:4)
  2 orc wizards (D:6)
  Robin (D:3)
  3 adders
  A dart slug (D:2)
  2 orcs
  7 bats
  3 endoplasms
  2 giant cockroaches (D:1)
  10 goblins
  7 hobgoblins
  8 kobolds
  2 quokkas
  4 ball pythons
  5 frilled lizards
  3 rats (D:2)
61 creatures vanquished.

Vanquished Creatures (others)
  A demonic plant (D:1)
1 creature vanquished.

Grand Total: 62 creatures vanquished

Notes
Turn   | Place    | Note
-------+----------+-------------------------------------------
     0 | D:1      | Descartes the Formicid Wanderer began the quest for the
                  | Orb.
     0 | D:1      | Descartes set off with the following items: a +2 hand axe,
                  | a +0 mace, a +0 pair of gloves, a +0 leather armour
     0 | D:1      | Reached XP level 1. HP: 16/16 MP: 1/1
    95 | D:1      | Reached XP level 2. HP: 18/23 MP: 2/2
   301 | D:1      | Found a faded altar of an unknown god.
   311 | D:1      | Prayed at the altar of an unknown god.
   311 | D:1      | Became a worshipper of Hepliaklqana the Forgotten
   311 | D:1      | Reached * piety under Hepliaklqana
   313 | D:1      | Fell from the grace of Hepliaklqana
  1373 | D:2      | Was forgiven by Hepliaklqana
  1373 | D:2      | Reached XP level 3. HP: 25/28 MP: 2/4
  1483 | D:2      | Reached skill level 1 in Spellcasting
  1803 | D:3      | Reached XP level 4. HP: 31/34 MP: 5/5
  1905 | D:3      | Noticed Robin
  1916 | D:3      | You fall into a shaft and drop 3 floors!
  1941 | D:6      | Reached XP level 5. HP: 20/41 MP: 5/7
  2130 | D:5      | Entered Level 5 of the Dungeon
  2575 | D:3      | HP: 2/41 [Robin (5)]
  2578 | D:3      | Killed Robin
  2578 | D:3      | Succumbed to Robin's poison

Illustrated notes

Levels and vault maps discovered:
D:1:      lightli_iron_boxes, layout_basic, shapermc_ecumenical_altar_gd,
          wander_ebering_terrifying_dragon_lair
D:2:      layout_basic
D:3:      layout_basic, uniq_robin
D:4:      layout_cave_pools, mainiacjoe_overflow_tiny_flanked,
          chequers_serial_rivers_micro_d, uniq_blork_the_orc, uniq_pikel
D:5:      layout_loops_corners, minmay_temple_entry_antechambers
D:6:      layout_gridville, grunt_qazlal_clouds, minmay_misc_feat_chi,
          nicolae_water_bricks, uniq_crazy_yiuf_cottage

Skill      XL: |  1  2  3  4  5 |
---------------+----------------+-----
Spellcasting   | 1 |  1.9
Fighting       | 3 |  3.2
Maces & Flails | 2 |  2.2
Dodging        | 2 |  2.0
Axes           | |  4.6
Throwing       | |  1.0
Stealth        | |  1.2

Action                   |  1- 3 |  4- 6 || total
-------------------------+-------+-------++-------
Melee: Hand axe          |   101 |    56 ||   157
       Punch             |       |     1 ||     1
Invok: Renounce Religion |     1 |       ||     1
  Use: Potion            |       |     1 ||     1
 Stab: Sleeping          |     4 |     1 ||     5
Armor: Leather armour    |    31 |    15 ||    46
Dodge: Dodged            |    63 |    47 ||   110
